 Dungeon Crawl Stone Soup version 0.23.2-40-g277498a001 (webtiles) character file.

Game seed: 3489664342106833612

25 Destapler the Skirmisher (level 3, -1/31 HPs)
             Began as a Hill Orc Wanderer on Aug 22, 2019.
             Slain by an adder (4 damage)
             ... on level 2 of the Dungeon.
             The game lasted 00:03:06 (1396 turns).

Destapler the Skirmisher (Hill Orc Wanderer)        Turns: 1396, Time: 00:03:07

Health: -1/31      AC:  2    Str: 13    XL:     3   Next: 4%
Magic:  3/3        EV: 10    Int: 12    God:
Gold:   58         SH:  4    Dex: 12    Spells: 2/2 levels left

rFire    . . .     SeeInvis .   a - +0 spear
rCold    . . .     Gourm    .   c - +0 buckler
rNeg     . . .     Faith    .   d - +0 robe
rPois    .         Spirit   .   (no helmet)
rElec    .         Reflect  .   (no cloak)
rCorr    .         Harm     .   (no gloves)
MR       .....                  (no boots)
Stlth    +.........             l - amulet of magic regeneration
HPRegen  0.10/turn              (no ring)
MPRegen  0.33/turn              (no ring)

@: lethally poisoned (-1 -> -6), flying
A: no striking features
a: no special abilities


You were on level 2 of the Dungeon.
You were not hungry.

You visited 1 branch of the dungeon, and saw 2 of its levels.

You collected 58 gold pieces.

Inventory:

Hand Weapons
 a - a +0 spear (weapon)
Missiles
 g - 62 stones (quivered)
 m - 5 tomahawks
Armour
 c - a +0 buckler (worn)
 d - a +0 robe (worn)
Jewellery
 l - an amulet of magic regeneration (around neck)
Scrolls
 e - 2 scrolls of remove curse {unknown}
 h - a scroll of enchant armour {unknown}
 i - a scroll of enchant weapon {unknown}
 k - a scroll of teleportation {unknown}
 n - a scroll of magic mapping {unknown}
Potions
 b - 3 potions of haste
 j - 2 potions of curing
Comestibles
 f - 5 rations
 o - 2 chunks of flesh


   Skills:
 - Level 3.6 Fighting
 + Level 1.5 Polearms
 + Level 1.0 Throwing
 + Level 2.7 Armour
 + Level 0.1 Dodging
 + Level 0.3 Stealth
 + Level 1.6 Shields
 - Level 3.2 Unarmed Combat


You had 2 spell levels left.
You didn't know any spells.
Your spell library was empty.

Dungeon Overview and Level Annotations

Branches:
Dungeon (2/15)

Altars:


Message History

The adder bites you.
* * * LOW HITPOINT WARNING * * *
You closely miss the adder.
The adder is severely wounded.
The bat hits you but does no damage. The adder closely misses you. x2
You hit the adder but do no damage.
The adder is severely wounded.
* * * LOW HITPOINT WARNING * * *
You feel sick. The bat barely misses you. The bat completely misses you.
The adder barely misses you.
You hit the adder.
The adder is almost dead.
The bat hits you.
* * * LOW HITPOINT WARNING * * *
The adder bites you but does no damage.
It was a potion of flight.
You feel very buoyant.
You fly up into the air.
The bat barely misses you. You block the bat's attack. The adder bites you.
You die...

# #.............(^#
#....8.....8....#
#.##.........##.#
#.###...8....# .# #.#
###...#.## .#
#.#########.#
##.####.##........#
#.......#...####..#
#..###....#..b@...#
##.#.>.###S..#
...........>.#
##..##.#..#..#.#
.........#.........
.≈≈..P.≈........PP..
≈≈≈≈≈≈P≈≈≈.≈≈.≈.≈≈≈≈≈
≈≈≈≈≈≈≈≈≈≈P≈≈≈≈(≈≈≈≈≈≈
≈≈≈≈≈≈≈≈≈≈≈≈≈≈≈≈


You could see an adder and a bat.

Vanquished Creatures
  2 dart slugs (D:1)
  A leopard gecko (D:1)
  A giant cockroach (D:1)
  3 hobgoblins (D:1)
  2 kobolds (D:2)
  2 bats (D:1)
  3 frilled lizards
  2 goblins
  7 rats
23 creatures vanquished.

Notes
Turn   | Place    | Note
-------+----------+-------------------------------------------
     0 | D:1      | Destapler the Hill Orc Wanderer began the quest for the
                  | Orb.
     0 | D:1      | Destapler set off with the following items: a +0 spear, 2
                  | potions of haste, a +0 buckler, a +0 robe, a ration
     0 | D:1      | Reached XP level 1. HP: 19/19 MP: 1/1
   322 | D:1      | Reached XP level 2. HP: 26/26 MP: 2/2
   658 | D:1      | Reached skill level 1 in Polearms
  1222 | D:2      | Reached XP level 3. HP: 27/31 MP: 3/3
  1396 | D:2      | Slain by an adder

Skill      XL: |  1  2 |
---------------+-------+-----
Polearms       | 1 |  1.5
Fighting       | |  3.6
Throwing       | |  1.0
Armour         | |  2.7
Dodging        | |  0.1
Stealth        | |  0.3
Shields        | |  1.6
Unarmed Combat | |  3.2

Action                   || total
-------------------------++-------
Melee: Spear             ||   115
Throw: Stone             ||     1
  Use: Potion            ||     2
 Stab: Sleeping          ||     2
  Eat: Chunk             ||     2
Armor: Robe              ||    28
Dodge: Dodged            ||    54
Block: Buckler           ||    13
